AoeStats
← TempS

Arabia

509330653Analyzed
1v1 RM · 7d ago on Sep 26, 2026· 55m 43s· 2 players
Game mode
Random Map
Map size
Tiny (2 player)
Population
200
Speed
Normal
Resources
Standard
Victory
Conquest
Starting age
Dark Age
Ending age
Imperial Age
RankedLock teamsTeams togetherTeam positionsShared explorationLock speedFull tech treeHidden civsTurbo modeCheats
Victory
Defeat
🇸🇪 Sicilians · Sweden
721
+16
🇺🇸 Aztecs · United States
719
-16
Rhomduil8014
12:37 Feudal Age
14:11 Double-Bit Axe
14:35 Man-at-Arms
18:23 Fletching
19:18 Padded Archer Armor
20:34 Scale Mail Armor
22:19 Forging
28:25 Castle Age
30:33 Gambesons
30:09 Long Swordsman
30:50 Squires
30:36 Arson
31:20 Bow Saw
31:57 Wheelbarrow
32:33 Gold Mining
32:41 Horse Collar
35:00 Elite Skirmisher
42:26 Bodkin Arrow
46:36 Imperial Age
44:35 Hand Cart
44:44 Heavy Plow
47:21 Atlatl
47:25 Two-Handed Swordsman
47:29 Pikeman
50:08 Chemistry
49:32 Ballistics
48:39 Onager
50:00 Leather Archer Armor
TempS
7:14 Loom
12:44 Feudal Age
13:20 Double-Bit Axe
13:18 Horse Collar
17:11 Scale Mail Armor
17:22 Forging
18:44 Wheelbarrow
20:49 Castle Age
19:09 Gold Mining
20:56 Fletching
21:08 Padded Archer Armor
23:03 Bow Saw
22:46 Crossbowman
25:26 Chain Mail Armor
27:09 Ballistics
29:51 Gold Shaft Mining
31:27 Murder Holes
31:40 Bodkin Arrow
32:01 Leather Archer Armor
33:39 Town Watch
34:10 Hand Cart
38:42 Imperial Age
36:57 Masonry
37:23 Town Patrol
37:24 Stone Mining
37:40 Heavy Plow
39:18 Iron Casting
41:49 Plate Mail Armor
42:19 Blast Furnace
41:23 Bracer
43:18 Chemistry
42:03 Arrowslits
41:56 Capped Ram
43:20 Conscription
42:32 Elite Serjeant
43:50 Hoardings
44:17 Crop Rotation
43:37 Arbalester
45:11 Siege Ram
47:37 Siege Engineers
48:54 Stone Shaft Mining
49:09 Squires
48:54 Arson
53:19 First Crusade
Connection lost

Rejoining the realm…

Still unreachable

The connection could not be restored.

Session expired

The server has moved on; the page needs a fresh start.